AoeStats
← Josmi-Ga'lock

Oasis

508973327Analyzed
4v4 RM · 9d ago on Sep 24, 2026· 57m 43s· 8 players
Game mode
Random Map
Map size
Large (8 player)
Population
200
Speed
Normal
Resources
Standard
Victory
Conquest
Starting age
Dark Age
Ending age
Imperial Age
RankedLock teamsTeams togetherTeam positionsShared explorationLock speedFull tech treeHidden civsTurbo modeCheats
Victory
Defeat
🇨🇱 Burgundians · Chile
920
+16
🇧🇷 Celts · Brazil
911
+17
893
+17
🇨🇳 Poles · China
844
+19
🇻🇪 Saxons · Venezuela
963
-19
🇦🇷 Vikings · Argentina
951
-18
🇧🇷 Britons · Brazil
914
-17
🇦🇷 Huns · Argentina
859
-15
Juan Carlos Bodoque
0:29 Loom
14:39 Feudal Age
21:40 Double-Bit Axe
24:26 Castle Age
22:33 Horse Collar
22:46 Gold Mining
22:49 Stone Mining
25:38 Fletching
26:27 Bow Saw
26:28 Bodkin Arrow
27:58 Wheelbarrow
27:47 Fortified Wall
28:49 Circumnavigation
29:58 Town Watch
30:45 Town Patrol
34:01 Hand Cart
37:43 Imperial Age
38:28 Arquebus
39:11 Conscription
39:32 Ballistics
42:05 Bracer
43:12 Chemistry
41:54 Treadmill Crane
44:41 Elite Organ Gun
47:33 Siege Engineers
47:40 Masonry
47:26 Murder Holes
49:42 Architecture
49:35 Bombard Tower
49:07 Guard Tower
Carti
2:16 Loom
8:42 Wheelbarrow
11:28 Feudal Age
10:24 Double-Bit Axe
11:17 Horse Collar
11:47 Stone Mining
12:03 Gold Mining
14:50 Bow Saw
15:52 Town Watch
19:31 Heavy Plow
20:59 Hand Cart
24:41 Castle Age
24:03 Gold Shaft Mining
25:12 Scale Barding Armor
25:18 Forging
25:09 Scale Mail Armor
27:39 Caravan
27:24 Pikeman
28:05 Squires
28:31 Ballistics
29:19 Fortified Wall
30:33 Burgundian Vineyards
31:47 Chain Barding Armor
31:31 Husbandry
30:51 Cavalier
34:34 Town Patrol
35:20 Iron Casting
36:53 Chain Mail Armor
39:17 Imperial Age
38:22 Padded Archer Armor
38:13 Fletching
38:37 Elite Skirmisher
39:23 Elite Coustillier
40:27 Conscription
40:46 Plate Barding Armor
42:12 Chemistry
42:20 Blast Furnace
41:51 Plate Mail Armor
42:18 Halberdier
51:01 Spies/Treason
AGOFEM
10:53 Feudal Age
9:41 Loom
16:57 Castle Age
14:40 Horse Collar
15:21 Double-Bit Axe
17:00 Wheelbarrow
18:58 Heavy Plow
19:12 Bow Saw
25:49 Caravan
31:21 Imperial Age
29:11 Scale Barding Armor
29:17 Forging
29:51 Husbandry
29:11 Light Cavalry
30:35 Hand Cart
30:06 Town Watch
32:06 Chain Barding Armor
31:46 Cavalier
32:57 Furor Celtica
33:39 Gold Mining
34:54 Chemistry
33:45 Paladin
35:39 Padded Archer Armor
35:30 Fletching
36:19 Coinage
35:59 Guilds
35:18 Heavy Scorpion
36:41 Capped Ram
37:43 Siege Ram
39:53 Bodkin Arrow
40:34 Iron Casting
52:05 Banking
52:10 Ballistics
54:41 Conscription
夏藤
5:14 Loom
11:07 Feudal Age
14:43 Castle Age
12:58 Double-Bit Axe
14:11 Horse Collar
16:13 Heavy Plow
22:30 Wheelbarrow
22:23 Stone Mining
22:25 Gold Mining
25:01 Bow Saw
25:05 Forging
25:00 Scale Barding Armor
27:57 Iron Casting
27:43 Chain Barding Armor
28:03 Caravan
29:55 Stone Shaft Mining
32:09 Imperial Age
30:25 Hand Cart
30:34 Husbandry
30:44 Bloodlines
30:44 Szlachta Privileges
33:14 Conscription
33:05 Cavalier
36:02 Blast Furnace
58:01 Crop Rotation
Abyssus
2:52 Loom
13:40 Feudal Age
14:28 Horse Collar
16:13 Double-Bit Axe
24:05 Castle Age
22:01 Gold Mining
22:14 Stone Mining
25:40 Heavy Plow
27:34 Wheelbarrow
30:49 Imperial Age
29:57 Town Watch
31:47 Fortified Wall
32:39 Conscription
33:47 Squires
36:02 Hand Cart
35:41 Fletching
35:54 Scale Mail Armor
36:46 Hoardings
35:44 Pikeman
37:15 Bodkin Arrow
38:27 Murder Holes
39:07 Ballistics
42:25 Chain Mail Armor
42:23 Forging
42:27 Siege Engineers
44:15 Shield Wall
47:29 Halberdier
47:39 Halberdier
47:59 Elite Hearth Troop
48:29 Onager
Bluezote
0:45 Loom
10:01 Feudal Age
17:26 Double-Bit Axe
17:54 Town Watch
19:28 Wheelbarrow
25:57 Castle Age
31:59 Imperial Age
31:11 Horse Collar
34:00 Cavalier
36:00 Husbandry
36:31 Bloodlines
37:08 Pikeman
37:49 Squires
38:33 Conscription
38:26 Scale Barding Armor
39:30 Caravan
40:23 Bow Saw
42:44 Halberdier
Josmi-Ga'lock
0:28 Loom
12:02 Feudal Age
12:28 Town Watch
12:45 Double-Bit Axe
12:55 Horse Collar
21:28 Castle Age
20:58 Stone Mining
22:49 Bow Saw
24:02 Fortified Wall
24:23 Gold Mining
29:16 Fletching
31:59 Town Patrol
32:36 Gold Shaft Mining
34:52 Imperial Age
33:06 Ballistics
32:32 Treadmill Crane
32:49 Murder Holes
33:53 Scale Mail Armor
34:03 Forging
34:06 Squires
33:27 Pikeman
33:52 Arson
35:10 Chieftains
36:14 Conscription
38:45 Bodkin Arrow
44:28 Iron Casting
44:16 Chain Mail Armor
44:06 Bracer
46:54 Elite Varangian Guard
47:56 Masonry
Men-yopuk
12:22 Feudal Age
14:18 Wheelbarrow
14:03 Double-Bit Axe
18:52 Castle Age
17:54 Stone Mining
18:16 Gold Mining
19:01 Horse Collar
26:16 Bow Saw
29:06 Hand Cart
30:06 Heavy Plow
34:11 Imperial Age
31:28 Loom
31:57 Fletching
32:09 Padded Archer Armor
31:57 Town Watch
33:00 Gold Shaft Mining
32:35 Bodkin Arrow
33:11 Town Patrol
33:52 Leather Archer Armor
34:15 Caravan
35:29 Hoardings
34:57 Treadmill Crane
35:54 Conscription
36:38 Bracer
37:54 Ring Archer Armor
39:39 Two-Man Saw
39:01 Pikeman
39:46 Scale Mail Armor
39:56 Forging
39:41 Halberdier
40:21 Squires
40:55 Chain Mail Armor
40:09 Elite Longbowman
42:10 Yeomen
42:38 Yeomen
42:59 Plate Mail Armor
43:04 Iron Casting
42:32 Arson
45:24 Ballistics
45:18 Masonry
46:10 Blast Furnace
Connection lost

Rejoining the realm…

Still unreachable

The connection could not be restored.

Session expired

The server has moved on; the page needs a fresh start.